 Dungeon Crawl Stone Soup version 0.29.0-10-g45618ea6d2 (webtiles) character file.

Game seed: 14543508204838966694

956 themarg the Thrower (level 8, 0/63 HPs)
             Began as a Gnoll Wanderer on Sept 1, 2022.
             Was an Initiate of Wu Jian.
             Succumbed to an adder's poison
             ... on level 5 of the Dungeon.
             The game lasted 00:17:21 (4754 turns).

themarg the Thrower (Gnoll Wanderer)                Turns: 4754, Time: 00:17:21

Health: 0/63       AC:  5    Str: 19    XL:     8   Next: 14%
Magic:  21/21      EV: 12    Int: 10    God:    Wu Jian [......]
Gold:   10         SH:  0    Dex: 11    Spells: 13/13 levels left

rFire   . . .      SeeInvis +   a - +5 dagger of Hurru {venom, Will+ Str+3}
rCold   . . .      Faith    .   (no shield)
rNeg    . . .      Spirit   .   e - +0 leather armour
rPois   .          Reflect  .   c - +0 helmet
rElec   .          Harm     .   (no cloak)
rCorr   .          Rampage  .   (no gloves)
Will    +....                   k - +0 pair of boots
Stlth   ++........              (no amulet)
HPRegen 0.20/turn               v - ring of magical power
MPRegen 0.17/turn               o - ring of see invisible

@: lethally poisoned (0 -> -2)
A: fangs 1, strong nose, distributed training
a: Renounce Religion


You were on level 5 of the Dungeon.
You worshipped Wu Jian.
Wu Jian was noncommittal.
You visited 2 branches of the dungeon, and saw 6 of its levels.

You collected 172 gold pieces.
You spent 162 gold pieces at shops.

Inventory:

Hand Weapons
 a - the +5 dagger of Hurru (weapon) {venom, Will+ Str+3}
   (You found it on level 3 of the Dungeon)

   It poisons the flesh of those it strikes.
   Str:       It affects your strength (+3).
   Will:      It increases your willpower.
 b - the +8 sling of the Hurting Dove {freeze, *Slow rN+ Str+2}
   (You bought it in a shop on level 4 of the Dungeon)

   Any ammunition fired from it freezes those it strikes, dealing additional
   cold damage.
   It can also slow down cold-blooded creatures.
   Str:       It affects your strength (+2).
   rN:        It protects you from negative energy.
   *Slow:     It may slow you when you take damage.
Missiles
 j - 4 poisoned darts
 w - a throwing net
 x - 4 curare-tipped darts (quivered)
Armour
 c - a +0 helmet (worn)
 e - a +0 leather armour (worn)
 k - a +0 pair of boots (worn)
Jewellery
 f - an amulet of faith
 o - a ring of see invisible (right hand)
 v - a ring of magical power (left hand)
Scrolls
 g - 2 scrolls of vulnerability {unknown}
 h - a scroll of torment {unknown}
 i - a scroll of enchant armour {unknown}
 l - a scroll of noise {unknown}
 n - a scroll of butterflies
 p - 3 scrolls of poison
 u - a scroll of immolation {unknown}
Potions
 q - a potion of ambrosia {unknown}
 r - 3 potions of flight
 s - 2 potions of attraction


   Skills:
 + Level 5.6 Fighting
 + Level 3.1 Short Blades
 + Level 3.1 Long Blades
 + Level 3.1 Axes
 + Level 3.1 Maces & Flails
 + Level 3.1 Polearms
 + Level 3.1 Staves
 + Level 3.1 Ranged Weapons
 + Level 10.9 Throwing
 + Level 3.1 Armour
 + Level 4.1 Dodging
 + Level 4.0 Stealth
 + Level 3.1 Shields
 + Level 3.1 Unarmed Combat
 + Level 3.1 Spellcasting
 + Level 2.5 Conjurations
 + Level 2.5 Hexes
 + Level 2.5 Summonings
 + Level 2.5 Necromancy
 + Level 2.5 Translocations
 + Level 2.5 Transmutations
 + Level 2.5 Fire Magic
 + Level 2.5 Ice Magic
 + Level 2.5 Air Magic
 + Level 2.5 Earth Magic
 + Level 2.5 Poison Magic
 + Level 3.4 Invocations
 + Level 4.1 Evocations


You had 13 spell levels left.
You didn't know any spells.
Your spell library contained the following spells:

 Spells                   Type           Power      Damage    Failure   Level
 Summon Small Mammal      Summ           24%        N/A       12%         1
 Blink                    Tloc           12%        N/A       19%         2
 Call Canine Familiar     Summ           6%         N/A       34%         3
 Lesser Beckoning         Tloc           6%         N/A       34%         3
 Summon Guardian Golem    Hex/Summ       6%         N/A       34%         3
 Manifold Assault         Tloc           6%         N/A       97%         5


Dungeon Overview and Level Annotations

Branches:
Dungeon (5/15)             Temple (1/1) D:4

Altars:
Cheibriados
Dithmenos
Elyvilon
Fedhas
Gozag
Hepliaklqana
Nemelex Xobeh
Okawaru
Ru
Sif Muna
Vehumet
Wu Jian
Xom
Zin
The Shining One

Shops:
D:4 !*(


Innate Abilities, Weirdness & Mutations

You have very sharp teeth.
Your uncanny sense of smell can sniff out nearby items.
Your experience applies equally to all skills.


Message History

The ogre howls in fear.
The adder bites you.
* * * LOW HITPOINT WARNING * * *
You feel much better.
You feel very sick. The adder closely misses you.
You feel very sick.
You see here an adder corpse.
The adder attacks as you move away! The adder bites you.
You feel very sick.
You feel sick. The adder bites you.
* * * LOW HITPOINT WARNING * * *
You are lethally poisoned!
The adder poisons you! The adder attacks as you move away!
The adder closely misses you.
* * * LOW HITPOINT WARNING * * *
You feel very sick.
As you read the scroll of fear, it crumbles to dust.
You assume a fearsome visage.
The worm looks frightened!
The adder looks frightened!
The necrophage is unaffected.
* * * LOW HITPOINT WARNING * * *
You feel very sick.
As you read the scroll labelled IMUPAR BOICKUA, it crumbles to dust.
You hear the tinkle of a tiny bell.
It was a scroll of butterflies.
* * * LOW HITPOINT WARNING * * *
You feel sick. The necrophage closely misses you.
You swap places.
* * * LOW HITPOINT WARNING * * *
You feel sick. The necrophage misses your butterfly.
Okay, then.
You swap places.
* * * LOW HITPOINT WARNING * * *
You feel sick. The necrophage hits your butterfly!
Your butterfly dies!
Your butterfly disappears in a burst of colours!
* * * LOW HITPOINT WARNING * * *
You feel sick.
* * * LOW HITPOINT WARNING * * *
You feel sick.
You die...

.....##..<#########
...#...####
....##.###
....##)†.#
......##†##
..#.†w....###
............####
.O.#.######bnb.###
........bbb.##b.@#
##$...#####..b.b...#
##.... ##########
#####


You could see a necrophage (ally target).

Vanquished Creatures
  A steam dragon (D:5)
  A black bear (D:4)
  2 ogres
  2 phantoms (D:4)
  A necrophage (D:4)
  2 scorpions (D:5)
  A howler monkey (D:5)
  A hound (D:5)
  3 gnolls
  6 adders
  A shadow imp (D:4)
  3 worms
  2 dart slugs (D:1)
  4 orcs
  7 ball pythons
  6 bats
  6 endoplasms
  9 giant cockroaches
  9 goblins
  7 hobgoblins
  2 jackals (D:1)
  4 quokkas
  12 kobolds
  3 rats
95 creatures vanquished.

Notes
Turn   | Place    | Note
-------+----------+-------------------------------------------
     0 | D:1      | Reached skill level 10 in Throwing
     0 | D:1      | themarg the Gnoll Wanderer began the quest for the Orb.
     0 | D:1      | themarg set off with the following items: a +3 dagger, 4
                  | curare-tipped darts, a +0 helmet, a potion of curing, a +0
                  | leather armour.
     0 | D:1      | Reached XP level 1. HP: 20/20 MP: 1/1
   102 | D:1      | Reached XP level 2. HP: 22/26 MP: 2/2
   329 | D:1      | Reached XP level 3. HP: 31/31 MP: 3/3
   610 | D:1      | Reached skill level 1 in Invocations
   982 | D:2      | Reached skill level 1 in Short Blades
   982 | D:2      | Reached skill level 1 in Long Blades
   982 | D:2      | Reached skill level 1 in Axes
   982 | D:2      | Reached skill level 1 in Maces & Flails
   982 | D:2      | Reached skill level 1 in Polearms
   982 | D:2      | Reached skill level 1 in Staves
   982 | D:2      | Reached skill level 1 in Ranged Weapons
   982 | D:2      | Reached skill level 1 in Armour
   982 | D:2      | Reached skill level 1 in Shields
   982 | D:2      | Reached skill level 1 in Unarmed Combat
   982 | D:2      | Reached skill level 1 in Spellcasting
  1060 | D:1      | Reached XP level 4. HP: 22/38 MP: 5/5
  1446 | D:2      | Reached skill level 1 in Conjurations
  1446 | D:2      | Reached skill level 1 in Hexes
  1446 | D:2      | Reached skill level 1 in Summonings
  1446 | D:2      | Reached skill level 1 in Necromancy
  1446 | D:2      | Reached skill level 1 in Translocations
  1446 | D:2      | Reached skill level 1 in Transmutations
  1446 | D:2      | Reached skill level 1 in Fire Magic
  1446 | D:2      | Reached skill level 1 in Ice Magic
  1446 | D:2      | Reached skill level 1 in Air Magic
  1446 | D:2      | Reached skill level 1 in Earth Magic
  1446 | D:2      | Reached skill level 1 in Poison Magic
  2306 | D:3      | Found a faded altar of an unknown god.
  2837 | D:3      | Reached XP level 5. HP: 42/43 MP: 7/7
  2925 | D:3      | Found an iron altar of Okawaru.
  3349 | D:3      | Identified the +5 dagger of Hurru {venom, Will+ Str+3}
  3407 | D:4      | Found Feit Gay's Distillery.
  3494 | D:4      | Found a staircase to the Ecumenical Temple.
  3500 | D:4      | Noticed a phantom
  3505 | Temple   | Entered the Ecumenical Temple
  3635 | Temple   | Became a worshipper of the Wu Jian Council
  3661 | D:4      | Found Woqaduiklu's Assorted Antiques.
  3689 | D:4      | Reached XP level 6. HP: 39/50 MP: 8/8
  3773 | D:4      | Reached skill level 5 in Fighting
  4013 | D:4      | Reached XP level 7. HP: 22/56 MP: 10/10
  4382 | D:4      | Found a glowing golden altar of the Shining One.
  4417 | D:4      | Found Ruvaf's Weapon Shop.
  4497 | D:5      | Entered Level 5 of the Dungeon
  4509 | D:5      | Noticed a steam dragon
  4565 | D:4      | Bought a bloodstained sling for 162 gold pieces
  4565 | D:4      | Identified the +8 sling of the Hurting Dove {freeze, *Slow
                  | rN+ Str+2} (You bought it in a shop on level 4 of the
                  | Dungeon)
  4601 | D:5      | Killed a steam dragon
  4717 | D:5      | Reached XP level 8. HP: 54/63 MP: 12/12
  4742 | D:5      | HP: 3/63 [adder (1)]
  4750 | D:5      | HP: 3/63 [poisoned by an adder]
  4753 | D:5      | HP: 1/63 [poisoned by an adder]
  4754 | D:5      | Succumbed to an adder's poison

Illustrated notes

Levels and vault maps discovered:
D:1:      dpeg_arrival_simpleton_c, layout_rooms, grunt_decor_mini_mirrors,
          chequers_mini_garden, minmay_indecisive_spiral
D:2:      layout_rooms
D:3:      layout_basic, okawaru_altar_gauntlet_db,
          chequers_ecumenical_altar_simple_redux, minivault_19,
          minmay_goblin_kobold_house
D:4:      layout_rooms, mainiacjoe_overflow_alcove_1,
          minmay_temple_entry_drinking_statues, serial_shops,
          nicolae_shop_window_shopping, nicolae_shop_behind_doors,
          kennysheep_mini
D:5:      layout_rooms, marbit_many_paths
Temple:   hellmonk_temple_forest_ring

Skill      XL: |  1  2  3  4  5  6  7  8 |
---------------+-------------------------+-----
Throwing       | | 10.9
Invocations    | 1 2 3 |  3.4
Short Blades   | 1 2 3 |  3.1
Long Blades    | 1 2 3 |  3.1
Axes           | 1 2 3 |  3.1
Maces & Flails | 1 2 3 |  3.1
Polearms       | 1 2 3 |  3.1
Staves         | 1 2 3 |  3.1
Ranged Weapons | 1 2 3 |  3.1
Armour         | 1 2 3 |  3.1
Shields        | 1 2 3 |  3.1
Unarmed Combat | 1 2 3 |  3.1
Spellcasting   | 1 2 3 |  3.1
Conjurations   | 1 2 |  2.5
Hexes          | 1 2 |  2.5
Summonings     | 1 2 |  2.5
Necromancy     | 1 2 |  2.5
Translocations | 1 2 |  2.5
Transmutations | 1 2 |  2.5
Fire Magic     | 1 2 |  2.5
Ice Magic      | 1 2 |  2.5
Air Magic      | 1 2 |  2.5
Earth Magic    | 1 2 |  2.5
Poison Magic   | 1 2 |  2.5
Dodging        | 3 4 |  4.1
Evocations     | 3 4 |  4.1
Stealth        | 3 4 |  4.0
Fighting       | 5 |  5.6

Action                   |  1- 3 |  4- 6 |  7- 9 || total
-------------------------+-------+-------+-------++-------
Melee: Dagger            |   139 |   207 |    47 ||   393
       Bite              |    10 |    15 |     4 ||    29
       Punch             |     3 |     3 |     2 ||     8
 Fire: Sling             |       |       |     6 ||     6
Invok: Lunge             |       |     4 |     1 ||     5
  Use: Scroll            |       |     4 |     3 ||     7
       Potion            |       |       |     4 ||     4
 Stab: Sleeping          |     4 |     2 |       ||     6
Armor: Leather armour    |    42 |    42 |    36 ||   120
Dodge: Dodged            |    88 |   117 |    70 ||   275
